 Dungeon Crawl Stone Soup version 0.24-a0-307-gf989941 (webtiles) character file.

Game seed: 14581285745034894021

2044 mhoghedin the Ruffian (level 8, -1/61 HPs)
             Began as a Demigod Transmuter on May 13, 2019.
             Shot with an arrow by a centaur (2 damage)
             ... on level 7 of the Dungeon.
             The game lasted 00:13:11 (6330 turns).

mhoghedin the Ruffian (Demigod Transmuter)          Turns: 6330, Time: 00:13:12

Health: -1/61      AC:  2    Str: 19    XL:     8   Next: 75%
Magic:  11/17      EV: 25    Int: 17    God:
Gold:   397        SH:  0    Dex: 21    Spells: 5/15 levels left

rFire    . . .     SeeInvis .     - Unarmed
rCold    . . .     Gourm    .   (shield currently unavailable)
rNeg     . . .     Faith    .   (armour currently unavailable)
rPois    x         Spirit   .   (helmet currently unavailable)
rElec    .         Reflect  .   (cloak currently unavailable)
rCorr    .         Harm     .   (gloves currently unavailable)
MR       .....                  (boots currently unavailable)
Stlth    ++........             (no amulet)
HPRegen  0.20/turn              v - +4 ring of evasion
MPRegen  0.15/turn              p - +2 ring of strength

@: spider-form
A: tiny, high mp 1
a: End Transformation


You were on level 7 of the Dungeon.
You were very hungry.
You were a venomous arachnid creature.
You visited 1 branch of the dungeon, and saw 7 of its levels.

You collected 397 gold pieces.

Inventory:

Hand Weapons
 f - a +0 whip of freezing
   (You took it off Pikel on level 4 of the Dungeon)
 h - a +3 dagger of freezing
   (You found it on level 5 of the Dungeon)
Missiles
 a - 25 arrows
Armour
 b - a +0 robe (melded)
 i - a +2 hat (melded)
   (You found it on level 1 of the Dungeon)
 q - a +0 pair of boots (melded)
   (You found it on level 6 of the Dungeon)
Jewellery
 e - an uncursed ring of protection from cold {rC+, !d}
   (You found it on level 1 of the Dungeon)
 p - a +2 ring of strength (right front leg)
   (You found it on level 2 of the Dungeon)
 s - an uncursed ring of positive energy {rN+}
   (You found it on level 2 of the Dungeon)
 v - a +4 ring of evasion (left front leg)
   (You found it on level 3 of the Dungeon)
Wands
 t - a wand of acid (12)
   (You found it on level 6 of the Dungeon)
Scrolls
 c - 4 scrolls of magic mapping {!r}
 g - a scroll of identify
 l - a scroll of silence
 m - a scroll of teleportation
 n - 3 scrolls of fog
 u - a scroll of blinking {!r}
 w - a scroll of enchant weapon
Potions
 j - a potion of curing
 k - a potion of heal wounds {unknown}
 o - a potion of haste
 r - a potion of ambrosia
Comestibles
 d - 6 rations


   Skills:
 - Level 2.1 Fighting
 - Level 2.7 Dodging
 - Level 7.3 Unarmed Combat
 + Level 4.0 Spellcasting
 + Level 6.1 Transmutations
 + Level 2.5 Ice Magic
 - Level 1.2 Poison Magic


You had 5 spell levels left.
You knew the following spells:

 Your Spells              Type           Power        Failure   Level  Hunger
a - Beastly Appendage     Tmut           ###...       6%          1    None
b - Ice Form              Ice/Tmut       ###.....     47%         4    ####...
c - Spider Form           Tmut/Pois      ###.......   26%         3    ###....
s - Sticks to Snakes      Tmut           ###.....     8%          2    ##.....

Your spell library contained the following spells:

 Spells                   Type           Power        Failure   Level  Hunger
 Blade Hands              Tmut           ###.......   56%         5    ######.


Dungeon Overview and Level Annotations

Branches:
Dungeon (7/15)             Temple (0/1) D:5

Annotations:
D:2 2 transporters, Menkaure
D:6 2 transporters


Innate Abilities, Weirdness & Mutations

You have an increased reservoir of magic. (+10% MP)


Message History

You bite the ogre!
The ogre looks as sick as possible!
The ogre misses you.
You hit the ogre but do no damage.
The ogre looks as sick as possible!
The ogre completely misses you.
You bite the ogre!
You kill the ogre!
Your Spellcasting skill increases to level 4!
You see here a +0 giant club.
There isn't anything to butcher here.
You start resting.
Your transformation is almost over.
You start resting.
MP restored: 17 Your transformation has ended.
Your +2 hat unmelds from your body.
Your +0 pair of boots unmelds from your body.
Your +0 robe unmelds from your body.
You see here a +0 giant club.
An orc priest comes into view. It is wielding a +2 flail of draining.
The orc priest shouts!
An orc comes into view. It is wielding a +0 hand axe.
There are monsters nearby!
A centaur comes into view.
The centaur shouts!
A worker ant comes into view.
A worker ant comes into view.
The orc shouts!
The worker ant twitches its antennae in your direction.
The orc hits you but does no damage.
You create 2 snakes!
You now have 27 arrows.
The centaur wields a +0 shortbow of flaming.
It bursts into flame!
The centaur shoots an arrow.
The arrow hits your ball python. The arrow burns your ball python.
Your ball python dies!
The orc hits you but does no damage.
You now have 15/17 mp.
Casting: Sticks to Snakes (safe; 1% risk of failure)
You create 2 snakes!
You now have 25 arrows.
The orc hits you with a +0 hand axe.
The orc hits your adder with a +0 hand axe.
You take 5 damage, and have 56/61 hp.
You now have 13/17 mp.
Casting: Sticks to Snakes (safe; 1% risk of failure)
You turn into a venomous arachnid creature.
Your +2 hat melds into your body.
Your +0 pair of boots melds into your body.
Your +0 robe melds into your body.
The orc completely misses you. The orc misses your adder.
Your adder barely misses the orc.
You now have 10/17 mp.
You hit the orc. The orc misses you. The orc closely misses your adder.
Your adder bites the orc.
The orc dies!
The orc priest invokes the aid of Beogh against you.
Beogh smites you!
You take 15 damage, and have 41/61 hp.
MASSIVE DAMAGE!!
The centaur shoots an arrow.
The arrow hits you. The arrow burns you.
The orc priest calls down the wrath of Beogh upon you.
Beogh smites you!
You take 18 damage, and have 23/61 hp.
MASSIVE DAMAGE!!
You barely miss the worker ant.
The worker ant closely misses your adder.
Your adder closely misses the worker ant.
The worker ant waves its antennae.
You barely miss the worker ant.
The worker ant barely misses your adder.
Your adder bites the worker ant but does no damage.
The worker ant completely misses you.
You hit the worker ant.
The worker ant is poisoned.
Your adder closely misses the worker ant.
The worker ant barely misses you.
The orc priest mumbles some strange prayers to Beogh against you.
Beogh smites you!
* * * LOW HITPOINT WARNING * * *
You take 16 damage, and have 7/61 hp.
MASSIVE DAMAGE!!
You swap places.
Your adder bites the worker ant but does no damage.
Your ball python barely misses the worker ant. x2
The worker ant barely misses your ball python.
Your adder barely misses the worker ant.
Your ball python bites the worker ant but does no damage.
Your ball python closely misses the worker ant.
You kill the worker ant!
Your adder bites the centaur but does no damage.
Your ball python bites the centaur.
The centaur unwields a +0 shortbow of flaming.
It stops flaming.
The centaur misses your ball python.
Your adder barely misses the centaur.
The centaur wields a +0 shortbow of flaming.
It bursts into flame!
The centaur shoots an arrow.
The arrow hits your ball python. The arrow burns your ball python.
Your ball python dies!
Your adder barely misses the centaur.
The centaur shoots an arrow.
The arrow hits your ball python! The arrow burns your ball python.
Your ball python dies!
Your adder bites the centaur.
The centaur shoots an arrow.
The arrow hits you!
* * * LOW HITPOINT WARNING * * *
The arrow burns you.
You die...

#.# ####.#.#.###.#.###.##
#.### #.....###.#.# #.#
....# #.#.#..##.#<# #.#
....# #.#.##.#....# #.#
#.### #.#.##)##.#.###.#
#.[# #....#.#......#.# ##.#
#..###.##.#.#...# ##.#
#..###.##..##.### ##.#
#..##.s.#.###.# ##.#
#..##.#.#.# #.# ##.#
#..##.#.### #.# ##.#
#..#..#..# #.#
##.########.##.###.## #.#
..........# #..#?#.(# #.#
##.########...##.##Sc.###
##.#####....###...###o...#
##.......####!..8......)...


You could see a centaur, an orc priest and a friendly adder.

Vanquished Creatures
  Pikel (D:4)
  2 ogres
  4 bullfrogs
  A scorpion (D:6)
  5 crimson imps
  6 hounds
  An iguana (D:4)
  A jelly (D:6)
  2 orc wizards
  4 worker ants
  2 hound skeletons
  A worker ant zombie (D:7)
  16 gnolls
  7 adders
  2 shadow imps
  2 oozes (D:2)
  3 worms
  2 adder skeletons
  2 dart slugs
  3 leopard geckos
  12 orcs
  4 ball pythons
  4 bats
  4 giant cockroaches
  5 goblins
  9 hobgoblins
  2 jackals (D:2)
  2 kobolds
  2 quokkas
  4 frilled lizards
  2 giant cockroach zombies
  A quokka skeleton (D:4)
  7 rats
125 creatures vanquished.

Vanquished Creatures (collateral kills)
  Sigmund (D:6)
  Eustachio (D:6)
  A centaur zombie (D:6)
  2 gnolls (D:6)
  A worm (D:2)
  An orc (D:7)
  A bat (D:2)
  A kobold (D:2)
  A rat (D:2)
10 creatures vanquished.

Grand Total: 135 creatures vanquished

Notes
Turn   | Place    | Note
-------+----------+-------------------------------------------
     0 | D:1      | mhoghedin the Demigod Transmuter began the quest for the
                  | Orb.
     0 | D:1      | Reached XP level 1. HP: 15/15 MP: 5/5
   140 | D:1      | Reached skill level 2 in Transmutations
   589 | D:2      | Reached XP level 2. HP: 21/22 MP: 5/7
   617 | D:2      | Learned a level 2 spell: Sticks to Snakes
   661 | D:2      | Reached skill level 3 in Transmutations
   708 | D:2      | Found a bloodstained altar of Trog.
   751 | D:2      | Reached XP level 3. HP: 20/27 MP: 6/8
   988 | D:2      | Found a transporter.
   991 | D:2      | Noticed a phantom
  1006 | D:2      | Noticed a necrophage
  1007 | D:2      | Found a transporter.
  1007 | D:2      | Found a basalt altar of Yredelemnul.
  1253 | D:2      | Noticed Menkaure
  1259 | D:2      | Found an ancient bone altar of Kikubaaqudgha.
  1484 | D:2      | Reached skill level 4 in Transmutations
  1574 | D:2      | Reached XP level 4. HP: 19/34 MP: 6/9
  1675 | D:2      | Learned a level 3 spell: Spider Form
  2086 | D:3      | Reached skill level 1 in Poison Magic
  2089 | D:3      | HP: 7/34 [orc/+0 mace (8)]
  2103 | D:3      | HP: 7/34 [leopard gecko (2)]
  2358 | D:3      | Reached skill level 1 in Fighting
  2379 | D:3      | Reached skill level 2 in Dodging
  2379 | D:3      | Reached XP level 5. HP: 31/40 MP: 6/10
  3210 | D:4      | Reached skill level 3 in Unarmed Combat
  3235 | D:4      | HP: 8/41 [gnoll (9)]
  3771 | D:4      | Reached skill level 2 in Fighting
  3775 | D:4      | Reached XP level 6. HP: 42/48 MP: 8/11
  3779 | D:4      | Noticed Pikel
  3805 | D:4      | Killed Pikel
  3805 | D:4      | Reached skill level 6 in Unarmed Combat
  3805 | D:4      | Reached XP level 7. HP: 38/55 MP: 8/12
  4096 | D:4      | Found a shattered altar of Ashenzari.
  4243 | D:5      | Entered Level 5 of the Dungeon
  4446 | D:5      | Found a staircase to the Ecumenical Temple.
  4468 | D:5      | Found a blossoming altar of Fedhas.
  4912 | D:6      | Reached skill level 7 in Unarmed Combat
  5090 | D:6      | Reached skill level 2 in Spellcasting
  5092 | D:6      | Found a deep blue altar of Sif Muna.
  5132 | D:6      | Reached XP level 8. HP: 30/61 MP: 6/14
  5411 | D:6      | Found a burning altar of Makhleb.
  5434 | D:6      | Found a shimmering altar of Xom.
  5446 | D:6      | Reached skill level 5 in Transmutations
  5460 | D:6      | Reached skill level 3 in Spellcasting
  5479 | D:6      | Learned a level 4 spell: Ice Form
  5486 | D:6      | Found a transporter.
  5488 | D:6      | Noticed Sigmund
  5502 | D:6      | Killed Sigmund
  5517 | D:6      | Found a glowing golden altar of the Shining One.
  5533 | D:6      | Found a shadowy altar of Dithmenos.
  5533 | D:6      | Found a glowing silver altar of Zin.
  5536 | D:6      | Found a stormy altar of Qazlal.
  5587 | D:6      | Reached skill level 1 in Ice Magic
  5613 | D:6      | Found a transporter.
  5623 | D:6      | Noticed Eustachio
  5653 | D:6      | Killed Eustachio
  5798 | D:6      | Noticed a kobold demonologist
  6139 | D:7      | Reached skill level 2 in Ice Magic
  6172 | D:7      | Reached skill level 6 in Transmutations
  6278 | D:7      | Reached skill level 4 in Spellcasting
  6325 | D:7      | HP: 7/61 [orc priest/divine providence (16)]
  6330 | D:7      | HP: 1/61 [centaur/arrow (7)]
  6330 | D:7      | Shot with an arrow by a centaur

Levels and vault maps discovered:
D:1:      nzn_arrival_water_spiral, layout_basic, grunt_decor_mini_mirrors
D:2:      kennysheep_six_static_rooms, layout_loops_ring,
          lightli_temple_of_fire, gammafunk_temple_of_torment,
          minmay_tiny_reverse_x
D:3:      layout_loops_corners, minmay_circle_x
D:4:      layout_rooms, lemuel_coloured_pillars_altar, minmay_misc_feat_pillars,
          uniq_pikel
D:5:      layout_gridville, fedhas_altar_2, minmay_temple_entry_poolview,
          first_ration
D:6:      gammafunk_wand_slinger, layout_cave_pools, old_standard_altar,
          grunt_temple_overflow_open, lemuel_crystal_altar,
          makhleb_heckhound_becter, grunt_ministairs_9,
          minmay_misc_feat_hallway, hex_medium, uniq_eustachio, uniq_sigmund
D:7:      minmay_general_purpose_star, layout_loops_ring

Skill      XL: |  1  2  3  4  5  6  7  8 |
---------------+-------------------------+-----
Transmutations | 2 3 4 6 |  6.1
Poison Magic   | 1 |  1.2
Fighting       | 1 2 |  2.1
Dodging        | 2 |  2.7
Unarmed Combat | 3 6 7 |  7.3
Spellcasting   | 2 4 |  4.0
Ice Magic      | 2 |  2.5

Action                   |  1- 3 |  4- 6 |  7- 9 || total
-------------------------+-------+-------+-------++-------
Melee: Unarmed           |    10 |    88 |   169 ||   267
       Mace              |    84 |    22 |     3 ||   109
       Kick              |    13 |     3 |       ||    16
       Headbutt          |     6 |       |    11 ||    17
       Punch             |     3 |       |     2 ||     5
       Dagger            |       |       |    27 ||    27
       Whip              |       |       |    15 ||    15
 Cast: Beastly Appendage |    18 |     3 |     6 ||    27
       Sticks to Snakes  |    11 |     1 |    11 ||    23
       Spider Form       |       |    13 |    19 ||    32
  Use: Scroll            |       |       |    11 ||    11
       Potion            |       |       |     8 ||     8
 Stab: Sleeping          |     1 |     1 |       ||     2
  Eat: Chunk             |     3 |     5 |     7 ||    15
       Ration            |       |     1 |     1 ||     2
Armor: Robe              |    34 |     4 |    14 ||    52
       Skin              |       |     5 |     4 ||     9
Dodge: Dodged            |    91 |   108 |   189 ||   388

Table legend:
 A = Non-vault XP
 B = Vault XP
 C = Vault XP percentage of total XP
 D = Non-vault monster count
 E = Vault monster count
 F = Vault count percentage of total count
                 A         B        C        D         E       F
            +---------+---------+-------+---------+---------+-------
      Total |    1897 |    1024 |  35.1 |     112 |      23 |  17.0
            +---------+---------+-------+---------+---------+-------
        D:1 |      13 |       0 |   0.0 |       7 |       0 |   0.0
        D:2 |      84 |      41 |  32.8 |      25 |       8 |  24.2
        D:3 |      95 |      17 |  15.2 |      18 |       7 |  28.0
        D:4 |     278 |     641 |  69.7 |      16 |       1 |   5.9
        D:5 |     194 |       0 |   0.0 |      12 |       0 |   0.0
        D:6 |     853 |     286 |  25.1 |      27 |       5 |  15.6
        D:7 |     380 |      39 |   9.3 |       7 |       2 |  22.2
            +---------+---------+-------+---------+---------+-------

Levels and vault maps discovered:
D:1:      nzn_arrival_water_spiral, layout_basic, grunt_decor_mini_mirrors
D:2:      kennysheep_six_static_rooms, layout_loops_ring,
          lightli_temple_of_fire, gammafunk_temple_of_torment,
          minmay_tiny_reverse_x
D:3:      layout_loops_corners, minmay_circle_x
D:4:      layout_rooms, lemuel_coloured_pillars_altar, minmay_misc_feat_pillars,
          uniq_pikel
D:5:      layout_gridville, fedhas_altar_2, minmay_temple_entry_poolview,
          first_ration
D:6:      gammafunk_wand_slinger, layout_cave_pools, old_standard_altar,
          grunt_temple_overflow_open, lemuel_crystal_altar,
          makhleb_heckhound_becter, grunt_ministairs_9,
          minmay_misc_feat_hallway, hex_medium, uniq_eustachio, uniq_sigmund
D:7:      minmay_general_purpose_star, layout_loops_ring

Table legend:
 A = Turns spent in this place as a percentage of turns spent in the entire game.
 B = Non-inter-level travel turns spent in this place as a percentage of non-inter-level travel turns spent in the entire game.
 C = Inter-level travel turns spent in this place as a percentage of turns spent in this place.
 D = Turns resting spent in this place as a percentage of non-inter-level travel turns spent in this place.
 E = Turns spent auto-exploring this place as a percentage of non-inter-level travel turns spent in this place.
 F = Non-inter-level travel turns spent in this place divided by the number of levels of this place that you've seen.
                   A       B       C       D       E      F
               +-------+-------+-------+-------+-------+----------------------
         Total | 100.0 | 100.0 |   2.9 |  25.0 |  55.2 | 877.7
       Dungeon | 100.0 | 100.0 |   2.9 |  25.0 |  55.2 | 877.7
               +-------+-------+-------+-------+-------+----------------------

Table legend:
 A = Kills in this place as a percentage of kills in entire the game.
 B = Kills by you in this place as a percentage of kills by you in the entire game.
 C = Kills by friends in this place as a percentage of kills by friends in the entire game.
 D = Other kills in this place as a percentage of other kills in the entire game.
 E = Experience gained in this place as a percentage of experience gained in the entire game.
 F = Experience gained in this place divided by the number of levels of this place that you have seen.
                   A       B       C       D       E      F
               +-------+-------+-------+-------+-------+----------------------
         Total | 100.0 | 100.0 | 100.0 |   N/A | 100.0 | 417.3
       Dungeon | 100.0 | 100.0 | 100.0 |   N/A | 100.0 | 417.3
               +-------+-------+-------+-------+-------+----------------------
